 Dungeon Crawl Stone Soup version 0.31-a0-1576-ga3383bade6 (webtiles) character file.

Game seed: 11698043431715983275

237 CowFu the Cleaver (level 6, -3/48 (50) HPs)
             Began as a Hill Orc Reaver on Jan 4, 2024.
             Was a Follower of Okawaru.
             Slain by Crazy Yiuf
             ... wielding a +4 quarterstaff of chaos
              (6 damage)
             ... on level 3 of the Dungeon.
             The game lasted 00:02:50 (2572 turns).

CowFu the Cleaver (Hill Orc Reaver)                 Turns: 2572, Time: 00:02:51

HP:   -3/48 (50)    AC: 11    Str: 17    XL:     6   Next: 6%
MP:   0/8           EV: 10    Int: 13    God:    Okawaru [*.....]
Gold: 105           SH:  0    Dex:  9    Spells: 7/8 levels left

rFire   . . .        a - +0 hand axe
rCold   + . .        (no shield)
rNeg    . . .        r - +5 ring mail of Ikuepipp {rC+}
rPois   .            (no helmet)
rElec   .            (no cloak)
rCorr   .            (no gloves)
SInv    .            k - +0 pair of boots
Will    .....        q - amulet of guardian spirit Stlth
                     p - ring of flight
HPRegen 0.28/turn    (no ring)
MPRegen 0.11/turn

%: guardian spirit
@: flying, lightly drained
A: no striking features
a: Renounce Religion, Heroism


You were on level 3 of the Dungeon.
You worshipped Okawaru.
Okawaru was aware of your devotion.
You visited 1 branch of the dungeon, and saw 3 of its levels.

You collected 105 gold pieces.

Inventory:

Hand Weapons
 a - a +0 hand axe (weapon)
Armour
 k - a +0 pair of boots (worn)
 r - the +5 ring mail of Ikuepipp (worn) {rC+}
   (You found it on level 3 of the Dungeon)

   rC+:       It protects you from cold.
Magical Staves
 b - a staff of death
Jewellery
 p - a ring of flight (left hand)
 q - an amulet of guardian spirit (around neck)
Wands
 l - a wand of polymorph (13)
Scrolls
 c - 3 scrolls of teleportation {unknown}
 g - 2 scrolls of amnesia {unknown}
 i - 4 scrolls of identify {unknown}
 m - a scroll of fog {unknown}
 n - a scroll of summoning {unknown}
 o - a scroll of noise {unknown}
 s - a scroll of poison {unknown}
 u - a scroll of enchant weapon {unknown}
Potions
 d - 4 potions of curing
 e - 3 potions of mutation {unknown}
 f - a potion of heal wounds {unknown}
 h - a potion of haste {unknown}
 j - a potion of might {unknown}
 t - a potion of lignification {unknown}


   Skills:
 - Level 2.4 Fighting
 + Level 8.7 Axes
 - Level 1.5 Dodging
 - Level 1.5 Spellcasting
 - Level 3.0 Conjurations


You had 7 spell levels left.
You knew the following spells:

 Your Spells              Type           Power      Damage    Failure   Level
a - Kiss of Death         Conj/Necr      16%        2d6       26%         1

Your spell library contained the following spells:

 Spells                   Type           Power      Damage    Failure   Level
 Momentum Strike          Conj/Tloc      8%         3d8       38%         2
 Necrotise                Necr           4%         1d4       45%         1
 Mercury Vapours          Alch/Air       2%         N/A       58%         2
 Hailstorm                Conj/Ice       4%         3d5       63%         3
 Mephitic Cloud           Conj/Alch/Air  3%         N/A       69%         3
 Vampiric Draining        Necr           1%         2d6       83%         3
 Curse of Agony           Necr           1%         N/A       100%        5
 Freezing Cloud           Conj/Ice/Air   1%         6-21      100%        5
 Martyr's Knell           Necr/Summ      Unusable   N/A       N/A         4

Dungeon Overview and Level Annotations

Branches:
Dungeon (3/15)

Altars:
Okawaru

Annotations:
D:3 Crazy Yiuf


Message History

Crazy Yiuf hits you with a +4 quarterstaff of chaos!
Crazy Yiuf burns you.
You barely miss Crazy Yiuf.
Crazy Yiuf is heavily wounded.
Crazy Yiuf whimpers, "Cards!
Two shoe poople."
Crazy Yiuf closely misses you.
You hit Crazy Yiuf.
Crazy Yiuf is heavily wounded.
You barely miss Crazy Yiuf.
Crazy Yiuf is heavily wounded.
Crazy Yiuf hits you with a +4 quarterstaff of chaos.
Crazy Yiuf burns you.
You closely miss Crazy Yiuf.
Crazy Yiuf is heavily wounded.
Crazy Yiuf hits you with a +4 quarterstaff of chaos!
Crazy Yiuf burns you.
You hit Crazy Yiuf.
Crazy Yiuf is severely wounded.
Crazy Yiuf hits you with a +4 quarterstaff of chaos!
* * * LOW HITPOINT WARNING * * *
Crazy Yiuf burns you.
* * * LOW HITPOINT WARNING * * *
b - a staff of death (weapon)
Crazy Yiuf hits you with a +4 quarterstaff of chaos.
* * * LOW HITPOINT WARNING * * *
You blink.
Casting: Kiss of Death (safe; 26% risk of failure)
Confirm with . or Enter, or press ? or * to list all spells.
You don't have enough magic to cast this spell.
Unknown command.
Casting: Kiss of Death (safe; 26% risk of failure)
Confirm with . or Enter, or press ? or * to list all spells.
You don't have enough magic to cast this spell.
Unknown command.
a - a +0 hand axe (weapon)
It was a potion of curing.
You feel better.
Crazy Yiuf hits you with a +4 quarterstaff of chaos!
* * * LOW HITPOINT WARNING * * *
You feel drained.
You die...

♣....♣ #..######.##
♣...♣♣ #..........##
♣♣.♣♣ #..####...... ♣.♣♣
##........... ♣♣.♣
######...... ♣.♣♣
###..... ♣♣§♣ #.>.....
##g## #....... #..@#
####....... #...#
#.......... #..)#
#.##....... #####
#.##....... #.##.......
###### #.....###..
#.##.# #.....# #..
#.##.# ########....###.#
#.##.###.............#.#


You could see Crazy Yiuf.

Vanquished Creatures
  Sigmund (D:3)
  An iguana (D:3)
  An adder (D:2)
  4 endoplasms
  2 giant cockroaches
  2 goblins
  4 hobgoblins
  2 jackals (D:1)
  2 kobolds
  A quokka (D:3)
  5 ball pythons
  6 bats
  4 frilled lizards
  10 rats
45 creatures vanquished.

Notes
Turn   | Place    | Note
-------+----------+-------------------------------------------
     0 | D:1      | CowFu the Hill Orc Reaver began the quest for the Orb.
     0 | D:1      | Reached XP level 1. HP: 18/18 MP: 3/3
   268 | D:1      | Reached XP level 2. HP: 25/25 MP: 4/4
   347 | D:1      | Found a faded altar of an unknown god.
   466 | D:1      | Reached skill level 5 in Axes
  1015 | D:2      | Reached XP level 3. HP: 8/27 MP: 3/5
  1292 | D:2      | Found an iron altar of Okawaru.
  1430 | D:2      | Became a worshipper of Warmaster Okawaru
  1760 | D:3      | Reached skill level 6 in Axes
  1841 | D:3      | Identified the +5 ring mail of Ikuepipp {rC+}
  1889 | D:3      | Noticed Sigmund
  1986 | D:3      | Killed Sigmund
  1986 | D:3      | Reached * piety under Okawaru
  1987 | D:3      | Reached skill level 8 in Axes
  1987 | D:3      | Reached XP level 4. HP: 30/37 MP: 4/6
  1987 | D:3      | Reached XP level 5. HP: 34/42 MP: 4/7
  2157 | D:3      | Found a runed translucent door.
  2158 | D:3      | Noticed Crazy Yiuf
  2266 | D:3      | Reached XP level 6. HP: 50/50 MP: 8/8
  2572 | D:3      | Slain by Crazy Yiuf

Illustrated notes

Levels and vault maps discovered:
D:1:      sevenhm_arrival_forest_fort_small_5, layout_basic,
          shapermc_ecumenical_altar_mp_ritualfount, serial_park_tiny_pond
D:2:      layout_basic, basic_altar, amcnicky_mini_corridor_feature,
          kennysheep_nondescript
D:3:      layout_loops_ring, minivault_23, minmay_fountain_box, uniq_sigmund,
          uniq_crazy_yiuf_cottage

Skill      XL: |  1  2  3 |
---------------+----------+-----
Axes           | 5 8 |  8.7
Fighting       | |  2.4
Dodging        | |  1.5
Spellcasting   | |  1.5
Conjurations   | |  3.0

Action                     |  1- 3 |  4- 6 || total
---------------------------+-------+-------++-------
  Melee: Hand axe          |   138 |    33 ||   171
         Punch             |     1 |       ||     1
   Cast: Kiss of Death     |     1 |       ||     1
    Use: Potion            |       |     1 ||     1
 Armour: Leather armour    |    64 |       ||    64
         Ring mail         |    11 |    15 ||    26
  Dodge: Dodged            |    85 |    16 ||   101

Table legend: (Time is in decaauts)
 A = Elapsed time spent in this place.
 B = Non-inter-level travel time spent in this place.
 C = Inter-level travel time spent in this place.
 D = Time resting spent in this place.
 E = Time spent auto-exploring this place.
 F = Levels seen in this place.
 G = Mean time per level.
                   A        B        C        D        E       F      G
               +--------+--------+--------+--------+--------+-----+--------+
         Total |   2568 |   2463 |    105 |      0 |   2032 |   3 |  856.0 |
       Dungeon |   2568 |   2463 |    105 |      0 |   2032 |   3 |  856.0 |
               +--------+--------+--------+--------+--------+-----+--------+

Top non-repeatable levels by time:
     D:1: 1005 daAuts
     D:3: 831 daAuts
     D:2: 731 daAuts
